 Dungeon Crawl Stone Soup version 0.16-a0-3496-g6490362 (webtiles) character file.

48 RedPan the Chiller (level 3, -5/26 HPs)
             Began as a Draconian Ice Elementalist on Jan 5, 2015.
             Slain by a gnoll
             ... wielding a +0 spear
              (9 damage)
             ... on level 2 of the Dungeon.
             The game lasted 00:05:11 (1320 turns).

RedPan the Chiller (Draconian Ice Elementalist)     Turns: 1320, Time: 00:05:11

Health: -5/26      AC:  5    Str: 10    XL:     3   Next: 50%
Magic:  3/6        EV: 12    Int: 16    God:
Gold:   73         SH:  0    Dex: 11    Spells: 2 memorised, 4 levels left

rFire  . . .     SeeInvis .     f - +0 whip
rCold  . . .     Clarity  .     (armour unavailable)
rNeg   . . .     SustAb   .     (no shield)
rPois  .         Gourm    .     (helmet restricted)
rElec  .         Spirit   .     (no cloak)
rCorr  .         Warding  .     (no gloves)
rMut   .         Stasis   .     (no boots)
MR     .....                    (no amulet)
Stlth  ++........               (no ring)
                                (no ring)

@: not resistant to hostile enchantments, unstealthy
A: unfitting armour, cold-blooded, AC +5
a: no special abilities


You were on level 2 of the Dungeon.
You were hungry.

You visited 1 branch of the dungeon, and saw 2 of its levels.

You collected 73 gold pieces.

Inventory:

Hand weapons
 f - a +0 whip (weapon)
Jewellery
 d - an uncursed ring of teleportation
Scrolls
 g - a scroll of immolation {unknown}
 j - a scroll of identify {unknown}
 k - a scroll of blinking {unknown}
 m - a scroll of noise {unknown}
Potions
 a - a potion of haste {unknown}
 e - a potion of beneficial mutation {unknown}
 h - 2 potions of agility {unknown}
 l - 2 potions of resistance {unknown}
 n - a potion of restore abilities {unknown}
 o - a potion of ambrosia {unknown}
 p - 2 potions of heal wounds {unknown}
Books
 b - a book of Frost

   Spells                             Type                      Level
   a - Freeze                         Ice                          1
   b - Throw Frost                    Conjuration/Ice              2
   c - Ozocubu's Armour               Charms/Ice                   3
   d - Throw Icicle                   Conjuration/Ice              4
   e - Summon Ice Beast               Ice/Summoning                4
   f - Condensation Shield            Ice                          4
Comestibles
 c - a bread ration


   Skills:
 - Level 1.7 Dodging
 - Level 1.7 Stealth
 + Level 2.7 Spellcasting
 - Level 1.0 Conjurations
 + Level 4.0 Ice Magic


You had 4 spell levels left.
You knew the following spells:

 Your Spells              Type           Power        Failure   Level  Hunger
a - Freeze                Ice            ###.         4%          1    #......
b - Throw Frost           Conj/Ice       ##....       12%         2    ##.....


Dungeon Overview and Level Annotations

Branches:
Dungeon (2/15)

Altars:
Cheibriados
Elyvilon
The Shining One


Innate Abilities, Weirdness & Mutations

Your plain brown scales are hard (AC +5).
Your body does not fit into most forms of armour.
Your cold-blooded metabolism reacts poorly to cold.


Message History

Aim: a gnoll, wielding an enchanted whip (severely wounded)
The puff of frost hits the gnoll.
You kill the gnoll!
Your Ice Magic skill increases to level 4!
Casting: Throw Frost
Confirm with . or Enter, or press ? or * to list all spells.
Aiming: Throw Frost
Press: ? - help, Shift-Dir - straight line, f - gnoll
Aim: a gnoll, wielding a spear The puff of frost hits the gnoll.
The gnoll is moderately wounded.
The gnoll hits you from afar with a spear!
* * * LOW HITPOINT WARNING * * *
Casting: Throw Frost
Confirm with . or Enter, or press ? or * to list all spells.
You don't have enough magic to cast that spell.
Unknown command.
There is a stone staircase leading up here.
The gnoll hits you from afar with a spear!
You die...

.............
...####.####
..##.....##
#.#.......#
#.#.......#
#.######....._....
#........#.......#
########.#.......#
#@.g.....##.....##
########.####.####
#.....)....
#####..#...
#..#..> #......
#.##.## #....#
######


You could see a gnoll.

Vanquished Creatures
  2 gnolls (D:2)
  8 bats (D:1)
  A giant cockroach (D:1)
  3 goblins (D:1)
  2 hobgoblins (D:1)
  3 jackals (D:1)
  3 kobolds (D:1)
  A quokka (D:2)
  2 giant newts (D:1)
  A rat (D:1)
26 creatures vanquished.

Notes
Turn   | Place    | Note
--------------------------------------------------------------
     0 | D:1      | RedPan, the Draconian Ice Elementalist, began the quest for the Orb.
     0 | D:1      | Reached XP level 1. HP: 14/14 MP: 3/3
   150 | D:1      | Reached XP level 2. HP: 18/20 MP: 4/4
   583 | D:1      | Learned a level 2 spell: Throw Frost
  1035 | D:2      | Found a glowing golden altar of the Shining One.
  1046 | D:2      | Reached XP level 3. HP: 20/26 MP: 6/6
  1104 | D:2      | Found a white marble altar of Elyvilon.
  1240 | D:2      | Found a snail-covered altar of Cheibriados.
  1307 | D:2      | Reached skill level 4 in Ice Magic
  1320 | D:2      | Slain by a gnoll

Action                   || total
-------------------------++-------
Melee: Unarmed           ||    49
       Whip              ||    61
 Cast: Freeze            ||    11
       Throw Frost       ||     5
  Use: Scroll            ||     3
  Eat: Chunk             ||     1
